 Dungeon Crawl Stone Soup version 0.30-a0-1103-g25895a7845 (webtiles) character file.

Game seed: 6269258912324869635

44 jimonade the Grasshopper (level 3, -3/31 HPs)
             Began as a Gnoll Warper on Apr 19, 2023.
             Killed from afar by an orc wizard (4 damage)
             ... with a magic dart
             ... on level 2 of the Dungeon.
             The game lasted 00:02:59 (1722 turns).

jimonade the Grasshopper (Gnoll Warper)             Turns: 1722, Time: 00:03:00

Health: -3/31      AC:  8    Str: 10    XL:     3   Next: 62%
Magic:  9/9        EV: 11    Int: 12    God:
Gold:   122        SH:  3    Dex: 13    Spells: 12/12 levels left

rFire   . . .      SeeInvis .    a - +0 falchion
rCold   . . .      Faith    .    z - +0 buckler
rNeg    . . .      Spirit   .    q - +0 chain mail
rPois   .          Reflect  .    (no helmet)
rElec   .          Rampage  .    (no cloak)
rCorr   +                        (no gloves)
Will    .....                    (no boots) Stlth
                                 y - amulet of magic regeneration
HPRegen 0.25/turn                o - +5 ring of evasion
MPRegen 0.51/turn                r - ring of resist corrosion

@: no status effects
A: fangs 1, strong nose, distributed training
a: no special abilities


You were on level 2 of the Dungeon.
You visited 1 branch of the dungeon, and saw 3 of its levels.

You collected 122 gold pieces.

Inventory:

Hand Weapons
 a - a +0 falchion (weapon)
 i - a +0 hand axe
Missiles
 d - 7 boomerangs of dispersal (quivered)
 t - 6 javelins
Armour
 b - a +0 leather armour
 q - a +0 chain mail (worn)
 z - a +0 buckler (worn)
 A - a +0 ring mail
Jewellery
 o - a +5 ring of evasion (left hand)
 r - a ring of resist corrosion (right hand)
 y - an amulet of magic regeneration (around neck)
Scrolls
 c - 2 scrolls of blinking
 f - 3 scrolls of teleportation {unknown}
 g - a scroll of magic mapping {unknown}
 h - 2 scrolls of vulnerability {unknown}
 j - a scroll of immolation {unknown}
 l - a scroll of fog {unknown}
 s - 2 scrolls of identify {unknown}
 x - 3 scrolls of poison {unknown}
Potions
 e - 2 potions of magic {unknown}
 k - a potion of heal wounds {unknown}
 m - 2 potions of attraction {unknown}
 n - a potion of lignification {unknown}
 u - a potion of curing {unknown}
 v - a potion of berserk rage {unknown}
 w - a potion of degeneration {unknown}


   Skills:
 + Level 4.5 Fighting
 + Level 0.9 Short Blades
 + Level 4.5 Long Blades
 + Level 0.9 Axes
 + Level 0.9 Maces & Flails
 + Level 0.9 Polearms
 + Level 0.9 Staves
 + Level 0.9 Ranged Weapons
 + Level 2.6 Throwing
 + Level 2.6 Armour
 + Level 4.5 Dodging
 + Level 0.9 Stealth
 + Level 0.9 Shields
 + Level 0.9 Unarmed Combat
 + Level 5.0 Spellcasting
 + Level 0.6 Conjurations
 + Level 0.6 Hexes
 + Level 0.6 Summonings
 + Level 0.6 Necromancy
 + Level 5.4 Translocations
 + Level 0.6 Transmutations
 + Level 0.6 Fire Magic
 + Level 0.6 Ice Magic
 + Level 0.6 Air Magic
 + Level 0.6 Earth Magic
 + Level 0.6 Poison Magic
 + Level 1.0 Invocations
 + Level 0.9 Evocations


You had 12 spell levels left.
You didn't know any spells.
Your spell library contained the following spells:

 Spells                   Type           Power      Damage    Failure   Level
 Blink                    Tloc           32%        N/A       87%         2
 Lesser Beckoning         Tloc           32%        N/A       87%         2
 Teleport Other           Tloc           16%        N/A       98%         3
 Scorch                   Fire           8%         2d5       100%        2
 Vhi's Electric Charge    Tloc/Air       20%        N/A       100%        3
 Flame Wave               Conj/Fire      4%         2d5       100%        4
 Manifold Assault         Tloc           16%        N/A       100%        4
 Summon Cactus Giant      Summ           2%         N/A       100%        6


Dungeon Overview and Level Annotations

Branches:
Dungeon (3/15)

Altars:
Trog


Innate Abilities, Weirdness & Mutations

You have very sharp teeth.
Your uncanny sense of smell can sniff out nearby items.
Your experience applies equally to all skills.


Message History

The orc hits you but does no damage. The orc closely misses you.
The orc wizard hits you but does no damage.
The orc hits you but does no damage. The orc closely misses you.
You bump into the rock wall.
The orc barely misses you. x2
The orc wizard hits you with a +0 dagger.
The orc hits you but does no damage. The orc closely misses you.
You closely miss the orc. The orc hits you with a +0 dagger.
The orc hits you but does no damage.
The orc wizard hits you with a +0 dagger.
* * * LOW HITPOINT WARNING * * *
The orc barely misses you. The orc misses you.
You closely miss the orc.
The orc is moderately wounded.
The orc hits you with a +0 dagger.
* * * LOW HITPOINT WARNING * * *
The orc misses you. The orc wizard barely misses you.
The orc hits you with a +0 flail.
* * * LOW HITPOINT WARNING * * *
The orc barely misses you.
You miss the orc wizard.
The orc wizard is heavily wounded.
You feel less confused. The orc completely misses you.
The orc hits you but does no damage.
The orc wizard hits you but does no damage.
The orc misses you. You block the orc's attack.
You barely miss the orc wizard. Your bite misses the orc wizard.
The orc wizard is heavily wounded.
The orc hits you with a +0 dagger.
* * * LOW HITPOINT WARNING * * *
The orc hits you but does no damage. The orc barely misses you.
You block the orc's attack.
The orc wizard hits you but does no damage.
You slash the orc wizard! Your bite misses the orc wizard.
The orc wizard is almost dead.
The orc completely misses you. The orc closely misses you.
The orc hits you with a +0 club.
* * * LOW HITPOINT WARNING * * *
The orc wizard casts a spell at you. The magic dart hits you.
You die...

..#.....#8...8#...#######
.......##.###.#P........#
..##.#.#_.#2#.'.........#
..#....##.###.#P........#
........#8...8#.........#
........#######.........#
......................###
...............##o#####
.........##....o@o##
............##.o#o.#
...............###.#
............#......#
.......^.##........#
...#.....###.......######
....#......##.....)รท.<..##
....#....................##
###.)######...<...........#


You could see an orc wizard and 4 orcs.

Vanquished Creatures
  An adder (D:2)
  A dart slug (D:1)
  2 ball pythons (D:2)
  3 bats
  3 giant cockroaches (D:1)
  5 goblins
  3 hobgoblins (D:1)
  2 jackals (D:2)
  A quokka (D:2)
  3 frilled lizards
  4 kobolds
  A rat (D:2)
29 creatures vanquished.

Notes
Turn   | Place    | Note
-------+----------+-------------------------------------------
     0 | D:1      | jimonade the Gnoll Warper began the quest for the Orb.
     0 | D:1      | Reached XP level 1. HP: 20/20 MP: 6/6
   175 | D:1      | Reached XP level 2. HP: 24/26 MP: 7/7
  1034 | D:1      | Reached skill level 5 in Spellcasting
  1034 | D:1      | Reached XP level 3. HP: 14/31 MP: 7/9
  1289 | D:2      | Found a faded altar of an unknown god.
  1289 | D:2      | Noticed a shadow demon
  1314 | D:2      | Reached skill level 1 in Invocations
  1490 | D:2      | Found a bloodstained altar of Trog.
  1722 | D:2      | HP: 1/31 [orc/+0 club (3)]
  1722 | D:2      | Killed from afar by an orc wizard

Illustrated notes

Levels and vault maps discovered:
D:1:      denvon_arrival_planthouse, layout_basic, minmay_cupped
D:2:      layout_rooms, dreamdust_ecumenical_altar_sealed_demon, basic_altar
D:3:      layout_basic, mainiacjoe_overflow_alcove_4, kennysheep_vampire_church,
          chequers_serial_rivers_small_3, minivault_11, uniq_grinder

Skill      XL: |  1  2  3 |
---------------+----------+-----
Spellcasting   | 5 |  5.0
Invocations    | 1 |  1.0
Fighting       | |  4.5
Short Blades   | |  0.9
Long Blades    | |  4.5
Axes           | |  0.9
Maces & Flails | |  0.9
Polearms       | |  0.9
Staves         | |  0.9
Ranged Weapons | |  0.9
Throwing       | |  2.6
Armour         | |  2.6
Dodging        | |  4.5
Stealth        | |  0.9
Shields        | |  0.9
Unarmed Combat | |  0.9
Conjurations   | |  0.6
Hexes          | |  0.6
Summonings     | |  0.6
Necromancy     | |  0.6
Translocations | |  5.4
Transmutations | |  0.6
Fire Magic     | |  0.6
Ice Magic      | |  0.6
Air Magic      | |  0.6
Earth Magic    | |  0.6
Poison Magic   | |  0.6
Evocations     | |  0.9

Action                     || total
---------------------------++-------
  Melee: Falchion          ||   133
         Bite              ||    11
 Armour: Leather armour    ||    30
         Chain mail        ||    36
  Dodge: Dodged            ||   123
  Block: Buckler           ||     2

Table legend: (Time is in decaauts)
 A = Elapsed time spent in this place.
 B = Non-inter-level travel time spent in this place.
 C = Inter-level travel time spent in this place.
 D = Time resting spent in this place.
 E = Time spent auto-exploring this place.
 F = Levels seen in this place.
 G = Mean time per level.
                   A        B        C        D        E       F      G
               +--------+--------+--------+--------+--------+-----+--------+
         Total |   1732 |   1623 |    109 |     66 |   1177 |   3 |  577.3 |
       Dungeon |   1732 |   1623 |    109 |     66 |   1177 |   3 |  577.3 |
               +--------+--------+--------+--------+--------+-----+--------+

Top non-repeatable levels by time:
     D:1: 1068 daAuts
     D:2: 656 daAuts
     D:3: 6 daAuts
